 Dungeon Crawl Stone Soup version 0.32-a0-898-g7811c86cf0 (webtiles) character file.

Game seed: 4205684268122300806

66269 Autsider the Summoner (level 15, -12/92 HPs)
             Began as a Tengu Summoner on Apr 4, 2024.
             Was a High Priest of Kikubaaqudgha.
             Mangled by a rockslime (41 damage)
             ... on level 1 of the Pits of Slime.
             The game lasted 01:40:40 (18929 turns).

Autsider the Summoner (Tengu Summoner)             Turns: 18929, Time: 01:40:40

Health: -12/92     AC:  3    Str: 11    XL:     15   Next: 19%
Magic:  31/39      EV: 38    Int: 34    God:    Kikubaaqudgha [*****.]
Gold:   1274       SH:  0    Dex: 16    Spells: 0/35 levels left

rFire   . . .        y - +8 trident
rCold   . . .        L - orb of the Catamount {mayhem, rN+}
rNeg    + . .        K - +5 ring mail of Weightlessness {rElec MP+9 Int+5 Dex-2}
rPois   .            C - +2 hat {Int+3}
rElec   +            G - +0 cloak
rCorr   .            X - +2 pair of gloves {Str+3}
SInv    .            (boots unavailable)
Will    +....        E - amulet of regeneration
Stlth   +            r - +6 ring of intelligence
HPRegen 1.15/turn    O - +5 ring of evasion
MPRegen 0.26/turn

%: mayhem, acrobat
@: confused, lethally poisoned (-12 -> -13), death channelling, ambrosia-drunk,
acrobatic, animating dead, flying, hasted, corroded, very quick
A: beak, talons 3, evasive flight, acrobatic
a: Renounce Religion, Unearth Wretches, Torment


You were on level 1 of the Pits of Slime.
You worshipped Kikubaaqudgha.
Kikubaaqudgha was extremely pleased with you.
You visited 5 branches of the dungeon, and saw 20 of its levels.
You also visited: Bailey.

You collected 2046 gold pieces.
You spent 772 gold pieces at shops.

Inventory:

Hand Weapons
 i - a +4 spear
 y - a +8 trident (weapon)
 A - the +8 quarterstaff of the Eternal Warrior {flame, rPois Int+3}
   (You found it on level 2 of the Lair of Beasts)

   Int+3:     It affects your intelligence (+3).
   rPois:     It protects you from poison.
Missiles
 h - a throwing net
Armour
 x - a +2 robe of resistance
 z - a +0 buckler
 C - a +2 hat of intelligence (worn)
 G - a +0 cloak (worn)
 K - the +5 ring mail of Weightlessness (worn) {rElec MP+9 Int+5 Dex-2}
   (You found it in a bailey)

   Int+5:     It affects your intelligence (+5).
   Dex-2:     It affects your dexterity (-2).
   rElec:     It insulates you from electricity.
   MP+9:      It affects your magic capacity (+9).
 L - the orb of the Catamount (worn) {mayhem, rN+}
   (You took it off a deep elf zephyrmancer in a bailey)

   rN+:       It protects you from negative energy.
 X - a +2 pair of gloves of strength (worn)
Jewellery
 m - a ring of magical power
 r - a +6 ring of intelligence (left hand)
 s - a ring of protection from fire
 B - an amulet of reflection
 E - an amulet of regeneration (around neck)
 M - a +4 ring of protection
 O - a +5 ring of evasion (right hand)
 S - a ring of willpower
 T - a ring of protection from fire
Wands
 H - a wand of iceblast (14)
 I - a wand of polymorph (18)
 R - a wand of flame (7)
 U - a wand of digging (2)
Scrolls
 c - 4 scrolls of silence
 g - 7 scrolls of teleportation {@r2}
 l - 3 scrolls of vulnerability
 o - 5 scrolls of fog
 p - 5 scrolls of blinking
 v - 3 scrolls of immolation
 w - 7 scrolls of identify {@r1}
 P - a scroll of poison
 W - 2 scrolls of fear
Potions
 a - 3 potions of berserk rage
 b - 5 potions of magic
 n - 3 potions of haste
 q - 2 potions of brilliance
 t - 3 potions of attraction
 u - 4 potions of enlightenment
 F - 5 potions of might
 J - 3 potions of mutation
 N - 2 potions of resistance
Miscellaneous
 V - a box of beasts


   Skills:
 - Level 10.0 Fighting
 + Level 9.8 Armour
 - Level 10.0 Dodging
 - Level 10.0 Stealth
 + Level 1.8 Shields
 + Level 10.8 Spellcasting
 + Level 4.2 Hexes
 - Level 11.0 Summonings
 + Level 9.4 Necromancy
 - Level 5.0 Fire Magic
 - Level 5.0 Air Magic
 + Level 3.2 Earth Magic
 - Level 5.0 Evocations


You couldn't memorise any spells.
You knew the following spells:

 Your Spells              Type           Power      Damage    Failure   Level
a - Haunt                 Necr/Summ      36%        N/A       54%         7
b - Borgnjor's Vile Clut  Necr/Erth      28%        N/A       10%         5
c - Anguish               Hex/Necr       30%        N/A       3%          4
e - Animate Dead          Necr           70%        N/A       1%          4
w - Death Channel         Necr           35%        N/A       16%         6
A - Summon Blazeheart Go  Fire/Summ      64%        N/A       1%          4
B - Summon Lightning Spi  Summ/Air       64%        N/A       1%          4
X - Summon Small Mammal   Summ           100%       N/A       1%          1

Your spell library contained the following spells:

 Spells                   Type           Power      Damage    Failure   Level
 Foxfire                  Conj/Fire      100%       2x1d9     1%          1
 Necrotise                Necr           100%       1d9       1%          1
 Call Imp                 Summ           100%       N/A       1%          2
 Cigotuvi's Dreadful Rot  Necr/Alch/Air  100%       N/A       1%          2
 Sublimation of Blood     Necr           70%        N/A       1%          2
 Call Canine Familiar     Summ           75%        N/A       1%          3
 Fugue of the Fallen      Necr           70%        N/A       1%          3
 Summon Ice Beast         Ice/Summ       54%        N/A       1%          3
 Dispel Undead            Necr           70%        3d24      1%          4
 Martyr's Knell           Necr/Summ      73%        N/A       1%          4
 Sigil of Binding         Hex            47%        N/A       2%          3
 Tukima's Dance           Hex            47%        N/A       2%          3
 Ensorcelled Hibernation  Hex/Ice        64%        N/A       3%          2
 Apportation              Tloc           36%        N/A       4%          1
 Hailstorm                Conj/Ice       18%        3d7       14%         3
 Teleport Other           Tloc           18%        N/A       14%         3
 Ignite Poison            Fire/Alch      35%        N/A       17%         4
 Sticky Flame             Fire/Alch      35%        2d7       17%         4
 Dimensional Bullseye     Hex/Tloc       16%        N/A       21%         4
 Leda's Liquefaction      Alch/Erth      14%        N/A       26%         4
 Petrify                  Alch/Erth      29%        N/A       26%         4
 Passage of Golubria      Tloc           18%        N/A       43%         4
 Metabolic Englaciation   Hex/Ice        16%        N/A       50%         5
 Yara's Violent Unravell  Hex/Alch       16%        3d8       50%         5
 Plasma Beam              Fire/Air       25%        2x1d38    67%         6
 Starburst                Conj/Fire      17%        6d6       95%         6
 Permafrost Eruption      Ice/Erth       14%        2x4d4     98%         6
 Dispersal                Tloc           9%         N/A       100%        6
 Gell's Gavotte           Tloc           9%         2d(15-22) 100%        6
 Sculpt Simulacrum        Ice/Alch       9%         N/A       100%        6
 Ozocubu's Refrigeration  Ice            9%         4d9       100%        7
 Borgnjor's Revivificati  Necr           35%        N/A       100%        8
 Ignition                 Fire           25%        3d9       100%        8
 Infestation              Necr           35%        N/A       100%        8
 Death's Door             Necr           35%        N/A       100%        9
 Polar Vortex             Ice            9%         12d1*     100%        9


Dungeon Overview and Level Annotations

Branches:
Dungeon (11/15)            Temple (1/1) D:6            Lair (5/5) D:11
 Shoals (0/4) Lair:2        Snake (0/4) Lair:3        Slime (1/5) Lair:4
    Orc (2/2) D:10            Elf (0/3) Orc:2        Bailey (visited)

Altars:
Ashenzari
Cheibriados
Dithmenos
Elyvilon
Fedhas
Gozag
Hepliaklqana
Kikubaaqudgha
Makhleb
Nemelex Xobeh
Okawaru
Qazlal
Ru
Sif Muna
Trog
Uskayaw
Vehumet
Wu Jian
Xom
Yredelemnul
Zin
The Shining One
Beogh
Jiyva

Shops:
D:1 ?   Orc:2 (?[(

Annotations:
Lair:1 exclusion: downstairs
Lair:3 exclusion: upstairs


Innate Abilities, Weirdness & Mutations

You have a beak for a mouth.
You have claws for feet.
Your magical flight helps you evade attacks. (EV +4)
You can magically evade attacks while moving or waiting.


Message History

The formless jellyfish stings your slime creature zombie.
The formless jellyfish grabs your slime creature zombie.
The formless jellyfish constricts your slime creature zombie!
Your spectral slime creature hits the formless jellyfish!
The formless jellyfish dies!
Kikubaaqudgha accepts your kill.
A glowing mist starts to gather...
The slime creature hits your spectral slime creature!!
Your spectral slime creature is destroyed!
The large slime creature hits your spectral slime creature.
The slime creature hits your spectral slime creature!
You feel sick.
Your formless jellyfish zombie hits the slime creature!!
Your spectral slime creature hits the large slime creature.
Your spectral slime creature hits the slime creature.
Your spectral azure jelly hits the large slime creature!
Your spectral azure jelly drains the large slime creature.
Your spectral azure jelly hits the large slime creature. x3
Your spectral azure jelly drains the large slime creature.
Okay, then.
You feel sick.
The formless jellyfish stings your azure jelly zombie!!
The formless jellyfish grabs your azure jelly zombie.
The formless jellyfish constricts your azure jelly zombie.
Your slime creature zombie hits the rockslime!
The slime creature hits your azure jelly zombie.
The large slime creature hits your spectral slime creature!!
The slime creature hits your spectral slime creature.
Your spectral slime creature hits the large slime creature!
Your azure jelly zombie hits the slime creature!
Your azure jelly zombie hits the slime creature but does no damage.
Your azure jelly zombie hits the slime creature!
Your azure jelly zombie hits the slime creature.
Your spectral azure jelly hits the large slime creature. x2
Your spectral azure jelly hits the large slime creature!
Your spectral azure jelly hits the large slime creature.
Your spectral azure jelly drains the large slime creature.
The rockslime hits you!!!
You die...
Kikubaaqudgha rasps: You have failed me!
Welcome... death!

##.##...ยง..##
............#
...........##
......>.....#
...........##
#........J.##
##J.....JJ..#
........ZZJ##
......JJZZZ@#


#....ZZZZZZZ# .......ZIZZZ# .......#ZZ..# ......^.ZZ.## .##......... #........##
##......## ##.#.### You could see 2 formless jellyfish, a large slime creature
(distracted, drained, ally target), 2 slime creatures, a rockslime, a friendly
lightning spire (summoned), a friendly spectral azure jelly, 5 friendly spectral
slime creatures, a friendly spectral great orb of eyes, 3 friendly spectral
formless jellyfish, a friendly azure jelly zombie, 5 friendly slime creature
zombies, a friendly great orb of eyes zombie and 3 friendly formless jellyfish
zombies.

Vanquished Creatures
  An azure jelly (Slime:1)
  The ghost of Pewn the Severer, a journeyman HOBe of Trog (Lair:2)
  Fannar (Lair:3)
  A great orb of eyes (Slime:1)
  3 hydras
  2 catoblepae
  2 ogre magi (Orc:2)
  4 two-headed ogres (Orc:2)
  Nergalle (Lair:2)
  A lindwurm (Lair:5)
  A cyclops (Orc:2)
  An orc sorcerer (Orc:2)
  2 manticores (Lair:3)
  A black mamba (Lair:4)
  A kobold blastminer (Orc:2)
  13 elephants
  2 gargoyles
  7 cane toads
  2 torpor snails (Lair:5)
  7 komodo dragons
  2 rime drakes
  A polar bear (Lair:2)
  3 trolls (Orc:2)
  2 tyrant leeches (Lair:5)
  6 hornets
  5 blink frogs
  A snapping turtle (Lair:2)
  30 yaks
  A wyvern (Lair:4)
  A warg (Orc:1)
  2 basilisks (Lair:1)
  A steam dragon (D:8)
  5 water moccasins
  4 orc warriors
  A blink frog zombie (Lair:4)
  3 black bears
  7 wolves
  3 ogres (Orc:2)
  A centaur (D:9)
  6 bullfrogs
  6 wights
  4 yak zombies (Lair:2)
  A bombardier beetle (D:3)
  2 howler monkeys
  A jelly (D:5)
  5 orc priests
  Crazy Yiuf (D:7)
  2 sleepcaps (D:5)
  3 iguanas
  4 orc wizards
  4 hell rats (Lair:2)
  A gnoll (D:3)
  3 adders
  A nameless horror (Lair:5)
  4 dart slugs
  A ribbon worm (D:4)
  20 orcs
  5 bats
  5 endoplasms
  2 giant cockroaches
  8 goblins
  6 hobgoblins
  6 kobolds
  5 quokkas
  2 ball pythons
  A rat (D:2)
242 creatures vanquished.

Vanquished Creatures (collateral kills)
  Rupert (Lair:3)
  4 formless jellyfish (Slime:1)
  A fire dragon (Lair:5)
  2 catoblepae
  4 two-headed ogres (Orc:2)
  4 death yaks
  An iron troll (Orc:2)
  A deep troll (Orc:2)
  An obsidian bat (Orc:1)
  An orc knight (Bailey)
  A deep elf zephyrmancer (Bailey)
  A cyclops (Orc:2)
  2 elephants
  4 black mambas
  3 torpor snails (Lair:5)
  5 cane toads
  3 rime drakes
  An unseen horror (D:9)
  5 komodo dragons
  6 trolls (Orc:2)
  2 tyrant leeches (Lair:5)
  8 blink frogs
  2 hornets (Lair:5)
  A water elemental (Lair:2)
  4 wyverns
  9 yaks
  A vampire (D:11)
  2 wraiths (D:9)
  3 basilisks
  A steam dragon (Lair:2)
  2 wargs
  Edmund (D:6)
  3 nagas (Lair:3)
  4 water moccasins
  15 orc warriors
  2 sky beasts (D:7)
  3 black bears
  8 wolves
  18 ogres
  3 centaurs
  A phantom (D:6)
  3 kobold brigands
  A gnoll sergeant (D:10)
  6 bullfrogs
  3 scorpions
  3 wights
  2 hounds
  3 jellies
  5 orc priests
  4 sleepcaps
  An iguana (D:5)
  11 orc wizards
  3 hell rats (Lair:2)
  2 nameless horrors
  Robin (D:4)
  16 gnolls
  5 adders
  A white imp (D:8)
  A ribbon worm (D:3)
  35 orcs
  3 ball pythons
  2 bats (D:1)
  4 endoplasms
  5 goblins
  3 hobgoblins (D:1)
  3 jackals (D:1)
  A quokka (D:1)
  2 frilled lizards (D:2)
  12 kobolds
  An orc zombie (Orc:1)
  A rat (D:1)
287 creatures vanquished.

Vanquished Creatures (others)
  An orc sorcerer (Orc:1)
  9 slime creatures (Slime:1)
  A black mamba zombie (Lair:4)
  A slime creature zombie (Slime:1)
  2 two-headed ogre zombies (Orc:2)
  A deep troll zombie (Orc:2)
  An orc warrior (Orc:1)
  2 blink frog zombies (Lair:4)
  A cyclops zombie (Orc:2)
  4 troll zombies (Orc:2)
  A yak zombie (Lair:2)
  A bullfrog zombie (Lair:4)
  2 orc wizards
  8 ogre zombies (Orc:2)
  4 orc zombies (Orc:1)
  A kobold (D:10)
  82 blazeheart cores
122 creatures vanquished.

Grand Total: 651 creatures vanquished

Notes
Turn   | Place    | Note
-------+----------+-------------------------------------------
     0 | D:1      | Autsider the Tengu Summoner began the quest for the Orb.
     0 | D:1      | Reached XP level 1. HP: 10/10 MP: 4/4
    50 | D:1      | Reached skill level 5 in Summonings
   131 | D:1      | Reached XP level 2. HP: 15/15 MP: 3/6
   202 | D:1      | Found Edymetell's Magic Scroll Boutique.
   413 | D:1      | Reached XP level 3. HP: 16/19 MP: 3/7
   490 | D:1      | Learned a level 3 spell: Call Canine Familiar
  1158 | D:1      | Bought a scroll of identify for 24 gold pieces
  2007 | D:3      | Found a faded altar of an unknown god.
  2011 | D:3      | Got Plato's Enchiridion on Wanderlust
  2099 | D:3      | Reached XP level 4. HP: 24/24 MP: 6/9
  2239 | D:3      | Learned a level 4 spell: Summon Blazeheart Golem
  2262 | D:3      | Reached skill level 1 in Fire Magic
  2506 | D:3      | Reached skill level 6 in Summonings
  2506 | D:3      | Reached XP level 5. HP: 22/28 MP: 8/11
  2641 | D:3      | Found a sparkling altar of Nemelex Xobeh.
  2642 | D:3      | Found a bloodstained altar of Trog.
  2648 | D:3      | Found a basalt altar of Yredelemnul.
  2649 | D:3      | Found a stormy altar of Qazlal.
  2651 | D:3      | Found a hide-covered altar of Uskayaw.
  2652 | D:3      | Found an iron altar of Okawaru.
  2654 | D:3      | Found a glowing silver altar of Zin.
  2658 | D:3      | Found a snail-covered altar of Cheibriados.
  3082 | D:4      | Noticed a black bear
  3096 | D:4      | Killed a black bear
  3097 | D:4      | Reached XP level 6. HP: 32/32 MP: 12/12
  3100 | D:4      | Noticed Robin
  3154 | D:4      | Killed Robin
  3978 | D:5      | Entered Level 5 of the Dungeon
  4038 | D:5      | Gained mutation: Your magical flight helps you evade
                  | attacks. (EV +4) [Tengu growth]
  4038 | D:5      | Reached XP level 7. HP: 23/36 MP: 11/14
  4208 | D:5      | Reached skill level 7 in Summonings
  4465 | D:5      | Reached skill level 5 in Fire Magic
  5289 | D:6      | Learned a level 4 spell: Summon Lightning Spire
  5309 | D:6      | Noticed Edmund
  5330 | D:6      | Killed Edmund
  5331 | D:6      | Reached skill level 5 in Spellcasting
  5331 | D:6      | Reached skill level 1 in Air Magic
  5331 | D:6      | Reached XP level 8. HP: 28/42 MP: 10/16
  5456 | D:6      | Reached skill level 1 in Fighting
  5638 | D:6      | Reached skill level 8 in Summonings
  5762 | D:6      | Found a staircase to the Ecumenical Temple.
  5771 | Temple   | Entered the Ecumenical Temple
  5790 | Temple   | Became a worshipper of Kikubaaqudgha
  6542 | D:7      | Noticed a yak
  6542 | D:7      | Noticed a yak
  6555 | D:7      | Noticed a yak
  6558 | D:7      | Killed a yak
  6559 | D:7      | Reached XP level 9. HP: 49/49 MP: 14/18
  7413 | D:7      | Found a runed translucent door.
  7414 | D:7      | Noticed Crazy Yiuf
  7423 | D:7      | Killed Crazy Yiuf
  7906 | D:8      | Reached * piety under Kikubaaqudgha
  7906 | D:8      | Received a gift from Kikubaaqudgha
  7918 | D:8      | Reached skill level 9 in Summonings
  7918 | D:8      | Reached skill level 5 in Air Magic
  7919 | D:8      | Reached skill level 5 in Dodging
  8479 | D:9      | Reached skill level 5 in Stealth
  8491 | D:9      | Reached XP level 10. HP: 47/58 MP: 5/20
  8686 | D:9      | Found a flagged portal.
  8718 | Bailey   | Entered a bailey
  8898 | Bailey   | Found a large runed translucent door.
  8898 | Bailey   | Found a large runed translucent door.
  8899 | Bailey   | Noticed a deep elf zephyrmancer
  8900 | Bailey   | Noticed an orc knight
  8936 | Bailey   | Killed an orc knight
  8937 | Bailey   | Reached skill level 5 in Fighting
  9014 | Bailey   | Identified the orb of the Catamount {mayhem, rN+}
  9066 | Bailey   | HP: 1/59 [deep elf zephyrmancer/bolt of lightning (29)]
  9074 | Bailey   | Killed a deep elf zephyrmancer
  9075 | Bailey   | Reached skill level 10 in Summonings
  9097 | Bailey   | Identified the +5 ring mail of Weightlessness {rElec MP+9
                  | Int+5 Dex-2}
  9220 | D:9      | Reached ** piety under Kikubaaqudgha
  9388 | D:9      | Noticed a gargoyle
  9398 | D:9      | Killed a gargoyle
  9420 | D:9      | Reached skill level 1 in Armour
  9658 | D:10     | Entered Level 10 of the Dungeon
  9757 | D:10     | Learned a level 4 spell: Animate Dead
  9827 | D:9      | Killed an unseen horror
  9828 | D:9      | Reached skill level 1 in Necromancy
  9828 | D:9      | Reached XP level 11. HP: 33/64 MP: 23/23
 10288 | D:10     | Found a staircase to the Orcish Mines.
 10522 | D:11     | Noticed a death yak
 10532 | D:11     | Killed a death yak
 10595 | D:11     | Found a staircase to the Lair.
 10686 | D:11     | Reached *** piety under Kikubaaqudgha
 10686 | D:11     | Received a gift from Kikubaaqudgha
 10708 | D:11     | Reached skill level 11 in Summonings
 10837 | D:11     | Found a bloodstained altar of Trog.
 11272 | Lair:1   | Entered Level 1 of the Lair of Beasts
 11741 | Lair:1   | Reached XP level 12. HP: 63/72 MP: 25/25
 11852 | Lair:1   | Noticed a catoblepas
 11866 | Lair:1   | Killed a catoblepas
 12099 | Lair:1   | Reached skill level 5 in Armour
 12374 | Lair:2   | Noticed Nergalle
 12418 | Lair:2   | Reached **** piety under Kikubaaqudgha
 12443 | Lair:2   | Reached skill level 5 in Necromancy
 12478 | Lair:2   | Found a runed translucent gate.
 12478 | Lair:2   | You are sucked into a shaft and drop 2 floors!
 12539 | Lair:3   | Noticed Fannar
 12560 | Lair:3   | Killed Fannar
 12677 | Lair:3   | Noticed a catoblepas
 12677 | Lair:3   | Noticed a catoblepas
 12697 | Lair:3   | Killed a catoblepas
 12768 | Lair:3   | Killed a catoblepas
 12934 | Lair:3   | Noticed Rupert
 12961 | Lair:3   | Killed Rupert
 12962 | Lair:3   | Reached skill level 1 in Evocations
 12962 | Lair:3   | Reached XP level 13. HP: 64/78 MP: 27/27
 13266 | Lair:2   | Noticed Pewn's ghost (journeyman HOBe)
 13285 | Lair:2   | Reached ***** piety under Kikubaaqudgha
 13322 | Lair:2   | Found a runed translucent gate.
 13323 | Lair:2   | Found a runed translucent gate.
 13382 | Lair:2   | Killed Pewn's ghost
 13391 | Lair:2   | Killed Nergalle
 13914 | Lair:2   | Found a staircase to the Shoals.
 14111 | Lair:2   | Identified the +8 quarterstaff of the Eternal Warrior
                  | {flame, rPois Int+3}
 14302 | Lair:3   | Reached skill level 10 in Dodging
 14351 | Lair:3   | Found a staircase to the Snake Pit.
 14471 | Lair:3   | Reached skill level 1 in Hexes
 14836 | Lair:4   | Reached skill level 10 in Stealth
 14886 | Lair:4   | Learned a level 6 spell: Death Channel
 14892 | Lair:4   | Learned a level 5 spell: Borgnjor's Vile Clutch
 14897 | Lair:4   | Learned a level 4 spell: Anguish
 14913 | Lair:4   | Found a snail-covered altar of Cheibriados.
 15009 | Lair:4   | Found a viscous altar of Jiyva.
 15009 | Lair:4   | Found a staircase to the Slime Pits.
 15538 | Lair:5   | Entered Level 5 of the Lair of Beasts
 15588 | Lair:5   | Reached XP level 14. HP: 85/86 MP: 24/28
 15995 | Lair:5   | Reached skill level 10 in Spellcasting
 16587 | Lair:5   | Reached skill level 5 in Evocations
 16587 | Lair:5   | Paralysed by a hornet for 1 turns
 16600 | Lair:5   | Reached skill level 1 in Earth Magic
 17239 | Orc:1    | Entered Level 1 of the Orcish Mines
 17471 | Orc:2    | Entered Level 2 of the Orcish Mines
 17497 | Orc:2    | Found a staircase to the Elven Halls.
 17647 | Orc:2    | Found Laykhlir's Weapon Shop.
 17655 | Orc:2    | Reached skill level 10 in Fighting
 17719 | Orc:2    | Reached ****** piety under Kikubaaqudgha
 17725 | Orc:2    | Received a gift from Kikubaaqudgha (forbidden knowledge)
 17744 | Orc:2    | Reached XP level 15. HP: 92/92 MP: 22/30
 17788 | Orc:2    | Found Iduug's Antique Armour Shoppe.
 17794 | Orc:2    | Found Juynuoxt's Magic Scroll Boutique.
 17795 | Orc:2    | Found Citsec's Weapon Boutique.
 17889 | Orc:2    | Bought a buckler for 90 gold pieces
 17916 | Orc:2    | Bought a scroll of enchant weapon for 105 gold pieces
 17916 | Orc:2    | Bought a scroll of blinking for 105 gold pieces
 17916 | Orc:2    | Bought a scroll of identify for 28 gold pieces
 17916 | Orc:2    | Bought a scroll of blinking for 105 gold pieces
 17916 | Orc:2    | Bought 3 scrolls of enchant armour for 315 gold pieces
 18457 | Orc:1    | Reached skill level 1 in Shields
 18558 | Orc:1    | Found a roughly hewn altar of Beogh.
 18695 | D:10     | Learned a level 7 spell: Haunt
 18895 | Slime:1  | Entered Level 1 of the Pits of Slime
 18895 | Slime:1  | Noticed a rockslime
 18904 | Slime:1  | Paralysed by a formless jellyfish for 1 turns
 18917 | Slime:1  | Paralysed by a formless jellyfish for 1 turns
 18929 | Slime:1  | Mangled by a rockslime

Illustrated notes

Levels and vault maps discovered:
D:1:      minmay_arrival_four_loops, layout_basic, serial_shops,
          nicolae_shop_statue_plus, minivault_23, dreamdust_princess_corridor
D:2:      layout_rooms, chequers_serial_rivers_small_a, serial_bayou_crossing
D:3:      layout_basic, nicolae_overflow_hallway_of_the_gods,
          shapermc_ecumenical_altar_rom_forum
D:4:      layout_loops_ring, minmay_increasing_density, uniq_robin
D:5:      layout_loops_ring, hellmonk_no_cap
D:6:      layout_loops_cross, minmay_temple_entry_stoned_glass, uniq_edmund
D:7:      layout_loops_cross, uniq_crazy_yiuf_cottage
D:8:      layout_loops_corners, nrook_mini_backslash, minmay_misc_feat_room
D:9:      layout_gridville, enter_bailey_7
D:10:     layout_long_grid, orc_0_dummy
D:11:     layout_basic, david_lair_generic, grunt_ministairs_3,
          trog_three_pillars_becter
Temple:   nicolae_temple_superstar
Lair:1:   layout_chaotic_city, hibernation_bobbens, grunt_megastairs_4
Lair:2:   layout_loops_ring, minmay_shoals_entry_hut, gammafunk_ghost_split,
          uniq_nergalle
Lair:3:   nzn_motion_control, layout_hall_layers, nicolae_snake_entry_squirm,
          uniq_rupert, uniq_fannar
Lair:4:   layout_big_grid, dpeg_slime_entry_enclosed, basic_altar,
          cheibrodos_lair_reptile_den
Lair:5:   wormcave, layout_gridlike
Slime:1:  layout_caves
Orc:1:    layout_caves, basic_altar
Orc:2:    st_orc_open, layout_diamond_mine

Skill      XL: |  1  2  3  4  5  6  7  8  9 10 11 12 13 14 15 |
---------------+----------------------------------------------+-----
Summonings     | 5 6 7 8 9 10 11 | 11.0
Spellcasting   | 3 4 5 6 7 8 9 10 | 10.8
Fire Magic     | 2 3 4 5 |  5.0
Air Magic      | 1 3 5 |  5.0
Fighting       | 2 4 5 7 8 9 10 | 10.0
Dodging        | 3 5 6 8 9 10 | 10.0
Stealth        | 3 5 6 7 9 10 | 10.0
Armour         | 2 4 6 8 9 |  9.8
Necromancy     | 1 4 6 7 9 |  9.4
Evocations     | 1 4 5 |  5.0
Hexes          | 1 3 4 |  4.2
Earth Magic    | 2 3 |  3.2
Shields        | 1 |  1.8

Action                     |  1- 3 |  4- 6 |  7- 9 | 10-12 | 13-15 || total
---------------------------+-------+-------+-------+-------+-------++-------
  Melee: Unarmed           |    25 |       |       |       |       ||    25
         Kick              |    36 |    24 |    14 |    24 |    71 ||   169
         Peck              |    20 |     8 |    14 |    14 |    47 ||   103
         Spear             |    89 |    34 |       |       |       ||   123
         Whip              |       |    44 |    32 |       |       ||    76
         Trident           |       |       |    41 |   120 |   225 ||   386
   Cast: Summon Small Mamm |    17 |     2 |     1 |       |       ||    20
         Call Canine Famil |     6 |    10 |    26 |    22 |     3 ||    67
         Summon Blazeheart |       |     1 |    16 |    39 |    49 ||   105
         Summon Lightning  |       |       |     9 |    42 |    55 ||   106
         Animate Dead      |       |       |       |       |     6 ||     6
         Anguish           |       |       |       |       |     4 ||     4
         Death Channel     |       |       |       |       |     2 ||     2
 Invoke: Unearth Wretches  |       |       |       |       |     5 ||     5
         Receive Forbidden |       |       |       |       |     1 ||     1
    Use: Scroll            |     2 |     6 |     4 |     7 |    15 ||    34
         Potion            |       |       |       |     5 |     6 ||    11
   Stab: Sleeping          |     9 |     4 |     2 |     1 |     1 ||    17
         Distracted        |       |     1 |     4 |     1 |     8 ||    14
         Petrified         |       |       |       |       |     1 ||     1
         Paralysed         |       |       |       |       |     3 ||     3
 Armour: Robe              |    28 |    35 |    42 |    22 |       ||   127
         Ring mail         |       |       |       |   104 |   203 ||   307
  Dodge: Dodged            |    43 |    41 |    72 |   194 |   480 ||   830
  Block: Buckler           |       |       |       |       |     7 ||     7

Table legend: (Time is in decaauts)
 A = Elapsed time spent in this place.
 B = Non-inter-level travel time spent in this place.
 C = Inter-level travel time spent in this place.
 D = Time resting spent in this place.
 E = Time spent auto-exploring this place.
 F = Levels seen in this place.
 G = Mean time per level.
                   A        B        C        D        E       F      G
               +--------+--------+--------+--------+--------+-----+--------+
         Total |  19151 |  18034 |   1117 |    877 |  11814 |  21 |  912.0 |
       Dungeon |  11109 |  10591 |    518 |    403 |   7750 |  11 | 1009.9 |
        Temple |     26 |      1 |     25 |      0 |      0 |   1 |   26.0 |
          Lair |   6091 |   5609 |    482 |    418 |   3225 |   5 | 1218.2 |
    Slime Pits |     21 |     21 |      0 |      0 |      0 |   1 |   21.0 |
  Orcish Mines |   1460 |   1368 |     92 |      0 |    838 |   2 |  730.0 |
        Bailey |    441 |    441 |      0 |     56 |      0 |   1 |  441.0 |
               +--------+--------+--------+--------+--------+-----+--------+

Top non-repeatable levels by time:
  Lair:5: 1562 daAuts
  Lair:3: 1340 daAuts
     D:5: 1293 daAuts
     D:7: 1233 daAuts
  Lair:1: 1222 daAuts
     D:1: 1174 daAuts
  Lair:2: 1146 daAuts
     D:3: 1095 daAuts
     D:4: 1081 daAuts
   Orc:2: 1040 daAuts
     D:6: 968 daAuts
     D:8: 942 daAuts
    D:10: 934 daAuts
     D:9: 872 daAuts
    D:11: 831 daAuts
